 Seeded DCSS version 0.31.0-32-g396128a36d (webtiles) character file.

Game seed: 1724519981061264131 (custom seed)

32 timneilson the Covered (level 3, 0/23 HPs)
             Began as a Gargoyle Fighter on Mar 30, 2024.
             Slain by Terence
             ... wielding a +0 short sword of venom
              (6 damage)
             ... on level 1 of the Dungeon.
             The game lasted 00:01:38 (899 turns).

timneilson the Covered (Gargoyle Fighter)            Turns: 899, Time: 00:01:39

Health: 0/23       AC: 12    Str: 19    XL:     3   Next: 27%
Magic:  3/3        EV:  7    Int:  8    God:
Gold:   33         SH:  4    Dex: 11    Spells: 2/2 levels left

rFire   . . .        a - +1 long sword
rCold   . . .        c - +0 buckler
rNeg    + . .        f - +0 chain mail
rPois   ∞            (no helmet)
rElec   +            (no cloak)
rCorr   .            (no gloves)
SInv    .            (no boots)
Will    .....        (no amulet) Stlth
                     (no ring)
HPRegen 0.23/turn    (no ring)
MPRegen 0.08/turn

%: no passive effects
@: no status effects
A: sickness immunity, AC +3, negative energy resistance 1, electricity
resistance, torment resistance 1, petrification resistance
a: no special abilities


You were on level 1 of the Dungeon.
You visited 1 branch of the dungeon, and saw 2 of its levels.

You collected 33 gold pieces.

Inventory:

Hand Weapons
 a - a +1 long sword (weapon)
Armour
 c - a +0 buckler (worn)
 f - a +0 chain mail (worn)
Scrolls
 e - 2 scrolls of enchant weapon
 i - 2 scrolls of teleportation
Potions
 d - a potion of might


   Skills:
 + Level 3.5 Fighting
 * Level 2.2 Long Blades
 * Level 3.6 Armour
 + Level 0.6 Dodging
 * Level 3.6 Shields


You had 2 spell levels left.
You didn't know any spells.
Your spell library contained the following spells:

 Spells                   Type           Power      Damage    Failure   Level
 Magic Dart               Conj           0%         1d3       99%         1
 Searing Ray              Conj           0%         2d4       100%        2
 Fulminant Prism          Conj/Alch      0%         3d5       100%        4
 Petrify                  Alch/Erth      0%         N/A       100%        4
 Irradiate                Conj/Alch      0%         3d11      100%        5
 Sublimation of Blood     Necr           Unusable   N/A       N/A         2

Dungeon Overview and Level Annotations

Branches:
Dungeon (2/15)

Altars:

Annotations:
D:1 Terence


Innate Abilities, Weirdness & Mutations

You are immune to sickness and miasma.
Your stone body is resilient. (AC +3)
You are immune to poison.
You resist negative energy. (rN+)
You are resistant to electric shocks. (rElec)
You are resistant to unholy torment.
You are immune to petrification.


Message History

You barely miss Terence.
Terence is heavily wounded.
Terence hits you but does no damage. x2
You hit Terence but do no damage.
Terence is heavily wounded.
Terence hits you with a +0 short sword of venom.
You hit Terence.
Terence is severely wounded.
A giant cockroach comes into view.
Terence hits you but does no damage. The hobgoblin completely misses you.
You barely miss Terence.
Terence is severely wounded.
Terence hits you with a +0 short sword of venom.
The hobgoblin closely misses you. Terence hits you but does no damage.
The hobgoblin barely misses you.
You are too injured to fight recklessly!
You are too injured to fight recklessly!
You are too injured to fight recklessly!
You are too injured to fight recklessly!
You are too injured to fight recklessly!
Unknown command.
The goblin hits you but does no damage.
You see here a bat corpse.
Terence attacks as he pursues you! Terence hits you but does no damage.
There is a stone staircase leading up here.
Terence hits you with a +0 short sword of venom.
* * * LOW HITPOINT WARNING * * *
You climb upwards.
There is a stone staircase leading down here.
You hit Terence.
Terence is almost dead.
Terence hits you but does no damage.
You hit Terence but do no damage.
Terence is almost dead.
Terence barely misses you.
You barely miss Terence.
Terence is almost dead.
Terence hits you with a +0 short sword of venom.
You die...
Terence says, "Time to find some more victims."

..8#####.#
.._#.# #.#
..8#.#
#†#######
..##.#
#.......#
####.#
#######.# # #.#
#.# # #.# #§# #
#.#########.###
#
#............@#
#
######.######@#
# #.# #.# # #.#
#.# # #†# #.#
####### #.# #.#
......# #.# #.#
###.#.# #.# #.#
##.#.###.# #.#


You could see Terence.

Vanquished Creatures
  2 dart slugs (D:1)
  2 endoplasms (D:1)
  A giant cockroach (D:1)
  2 goblins (D:1)
  5 hobgoblins
  A kobold (D:1)
  3 quokkas (D:1)
  2 ball pythons (D:1)
  3 bats
  5 rats (D:1)
26 creatures vanquished.

Notes
Turn   | Place    | Note
-------+----------+-------------------------------------------
     0 | D:1      | timneilson the Gargoyle Fighter began the quest for the
                  | Orb.
     0 | D:1      | Reached XP level 1. HP: 14/14 MP: 1/1
   239 | D:1      | Reached XP level 2. HP: 17/19 MP: 2/2
   453 | D:1      | Found a faded altar of an unknown god.
   652 | D:1      | Reached XP level 3. HP: 23/23 MP: 3/3
   879 | D:2      | Noticed Terence
   899 | D:1      | Slain by Terence

Illustrated notes

Levels and vault maps discovered:
D:1:      lemuel_arrival_rhombus, layout_loops_ring,
          hellmonk_ecumenical_altar_prayer_group
D:2:      cheibrodos_helix_gallery, layout_basic, uniq_terence

Skill      XL: |  1 |
---------------+----+-----
Long Blades    | 2 |  2.2
Fighting       | |  3.5
Armour         | |  3.6
Dodging        | |  0.6
Shields        | |  3.6

Action                     || total
---------------------------++-------
  Melee: Long sword        ||    97
    Use: Scroll            ||     5
 Armour: Scale mail        ||    23
         Chain mail        ||    56
  Dodge: Dodged            ||    37
  Block: Buckler           ||    15
